 Dungeon Crawl Stone Soup version 0.29-a0-88-g03a7b78be7 (webtiles) character file.

Game seed: 7402504637963267997

253 lordive the Ruffian (level 5, -3/49 HPs)
             Began as a Troll Warper on Feb 5, 2022.
             Slain by an ogre (26 damage)
             ... on level 4 of the Dungeon.
             The game lasted 00:01:54 (867 turns).

lordive the Ruffian (Troll Warper)                   Turns: 867, Time: 00:01:54

Health: -3/49      AC:  4    Str: 19    XL:     5   Next: 90%
Magic:  6/6        EV: 10    Int: 11    God:
Gold:   49         SH:  0    Dex:  9    Spells: 4/6 levels left

rFire   . . .      SeeInvis .     - Unarmed
rCold   . . .      Faith    .   (no shield)
rNeg    . . .      Spirit   .   a - +0 robe
rPois   .          Reflect  .   (helmet restricted)
rElec   .          Harm     .   (no cloak)
rCorr   .          Rampage  .   (gloves unavailable)
Will    .....                   (boots unavailable)
Stlth   +.........              (no amulet)
HPRegen 0.96/turn               (no ring)
MPRegen 0.10/turn               (no ring)

@: no status effects
A: large, unfitting armour, claws 3, regeneration 1, shaggy fur 1, tough skin 1
a: no special abilities


You were on level 4 of the Dungeon.
You visited 1 branch of the dungeon, and saw 4 of its levels.

You collected 49 gold pieces.

Inventory:

Missiles
 c - 5 boomerangs of dispersal (quivered)
Armour
 a - a +0 robe (worn)
Scrolls
 b - a scroll of blinking
 e - a scroll of identify {unknown}
 f - a scroll of amnesia {unknown}
 h - a scroll of silence {unknown}
 i - a scroll of enchant armour {unknown}
 j - a scroll of vulnerability {unknown}
Potions
 d - 2 potions of curing {unknown}
 g - a potion of heal wounds {unknown}


   Skills:
 + Level 2.0 Fighting
 - Level 0.8 Throwing
 + Level 2.6 Dodging
 + Level 4.3 Unarmed Combat
 + Level 1.4 Spellcasting
 * Level 3.3 Translocations


You had 4 spell levels left.
You knew the following spells:

 Your Spells              Type           Power      Damage    Failure   Level
a - Blink                 Tloc           16%        N/A       12%         2

Your spell library contained the following spells:

 Spells                   Type           Power      Damage    Failure   Level
 Gell's Gravitas          Tloc           8%         N/A       24%         3
 Lesser Beckoning         Tloc           8%         N/A       24%         3
 Teleport Other           Tloc           8%         N/A       24%         3
 Manifold Assault         Tloc           8%         N/A       92%         5
 Dispersal                Tloc           4%         N/A       100%        6


Dungeon Overview and Level Annotations

Branches:
Dungeon (4/15)
 Temple: D:4-7

Altars:


Innate Abilities, Weirdness & Mutations

You are too large for most types of armour.
You have claws for hands.
Your natural rate of healing is unusually fast.
You are covered in fur. (AC +1)
You have tough skin. (AC +1)


Message History

The orc warrior is heavily wounded.
You hear a shout!
The orc warrior hits you with a +0 short sword!
You closely miss the orc warrior.
The orc warrior is heavily wounded.
The orc warrior hits you with a +0 short sword!
The orc hits you but does no damage.
You claw the orc warrior!
The orc warrior is almost dead.
The orc warrior barely misses you. The orc hits you with a +0 short sword.
An ogre comes into view. It is wielding a +0 giant club.
You scratch the orc warrior.
You kill the orc warrior!
The orc hits you but does no damage. The orc hits you with a +0 club.
Your Fighting skill increases to level 2!
Your Unarmed Combat skill increases to level 4!
The orc barely misses you. The orc hits you with a +0 club.
The orc hits you with a +0 club. The giant cockroach barely misses you.
The ogre hits you with a +0 giant club!
* * * LOW HITPOINT WARNING * * *
The giant cockroach misses you.
The giant cockroach bites you but does no damage.
The orc hits you with a +0 short sword.
* * * LOW HITPOINT WARNING * * *
The giant cockroach barely misses you. The endoplasm hits you.
* * * LOW HITPOINT WARNING * * *
The giant cockroach bites you but does no damage.
Things that are here:
a +0 club; a kobold corpse
There is an open door here.
The giant cockroach bites you but does no damage.
The giant cockroach misses you.
You claw the giant cockroach!
You kill the giant cockroach!
The endoplasm barely misses you.
The ogre hits you with a +0 giant club!!
Ouch! That really hurt!
You die...

...............................+
......#'#################......#
......'.......#..#......#......#
......#.......+..# .....#......#
......#####..###'# #....#
#'###.....##'###.###....#
....#.....#.............#
....#.....+.....JOoo....#
.##.#.....###.##@######'#
.##.###.....####.###..†)#######
......#.....#.................###
......#....>#....................
......#.....#....................
......# #.................)..
...<..# +......<.............
.##...# #....##.....##.......
.##...# #....##.....###'####.


You could see an ogre, 2 orcs and an endoplasm.

Vanquished Creatures
  An orc warrior (D:4)
  A hound (D:3)
  A jelly (D:4)
  A howler monkey skeleton (D:4)
  4 adders
  2 dart slugs
  5 endoplasms
  3 giant cockroaches
  3 goblins (D:1)
  4 hobgoblins
  9 jackals
  4 quokkas
  3 ball pythons
  A bat (D:3)
  5 kobolds
  3 rats
50 creatures vanquished.

Notes
Turn   | Place    | Note
-------+----------+-------------------------------------------
     0 | D:1      | lordive the Troll Warper began the quest for the Orb.
     0 | D:1      | Reached XP level 1. HP: 19/19 MP: 1/1
    18 | D:1      | Found a faded altar of an unknown god.
    52 | D:1      | Reached XP level 2. HP: 25/27 MP: 2/2
   140 | D:2      | Learned a level 2 spell: Blink
   157 | D:2      | Reached XP level 3. HP: 35/35 MP: 4/4
   342 | D:3      | Reached XP level 4. HP: 37/42 MP: 5/5
   374 | D:3      | Reached skill level 3 in Unarmed Combat
   658 | D:4      | Reached XP level 5. HP: 46/49 MP: 6/6
   836 | D:4      | Noticed an orc warrior
   845 | D:4      | Noticed an ogre
   846 | D:4      | Killed an orc warrior
   847 | D:4      | Reached skill level 4 in Unarmed Combat
   867 | D:4      | Slain by an ogre

Illustrated notes

Levels and vault maps discovered:
D:1:      ebering_trefoil_3fold, layout_rooms,
          ebering_ecumenical_altar_sacrificial
D:2:      layout_loops_ring, basic_altar
D:3:      layout_basic, serial_co_window_serial, co_window_paths_b,
          co_window_corner_a, co_window_of_opportunity_a,
          co_window_of_opportunity_a, co_window_paths_a,
          co_window_unsneaky_path_a, co_window_of_opportunity_c,
          co_window_broadway_a, st_stairs_10
D:4:      layout_gridville

Skill      XL: |  1  2  3  4  5 |
---------------+----------------+-----
Dodging        | 2 |  2.6
Translocations | 3 |  3.3
Unarmed Combat | 3 4 |  4.3
Fighting       | 2 |  2.0
Throwing       | |  0.8
Spellcasting   | |  1.4

Action                   |  1- 3 |  4- 6 || total
-------------------------+-------+-------++-------
Melee: Unarmed           |    71 |    67 ||   138
       Punch             |       |     1 ||     1
Armor: Robe              |    23 |    19 ||    42
Dodge: Dodged            |    36 |    39 ||    75

Table legend: (Time is in decaauts)
 A = Elapsed time spent in this place.
 B = Non-inter-level travel time spent in this place.
 C = Inter-level travel time spent in this place.
 D = Time resting spent in this place.
 E = Time spent auto-exploring this place.
 F = Levels seen in this place.
 G = Mean time per level.
                   A        B        C        D        E       F      G
               +--------+--------+--------+--------+--------+-----+--------+
         Total |    860 |    842 |     18 |      0 |    563 |   4 |  215.0 |
       Dungeon |    860 |    842 |     18 |      0 |    563 |   4 |  215.0 |
               +--------+--------+--------+--------+--------+-----+--------+

Top non-repeatable levels by time:
     D:4: 476 daAuts
     D:2: 217 daAuts
     D:1: 114 daAuts
     D:3: 52 daAuts
